[Event "MPL 47th National Women Chess-ch 2022"]
[Site "Odisha"]
[Date "2022.02.26"]
[Round "4.3"]
[White "Gomes, Mary Ann"]
[Black "Velpula Sarayu"]
[Result "1-0"]
[ECO "A49"]
[WhiteElo "2361"]
[BlackElo "1875"]
[Annotator "NA"]
[PlyCount "69"]
[EventDate "2022.02.25"]
[EventCountry "IND"]
[SourceTitle "playchess.com"]
[Source "ChessBase"]
[SourceQuality "1"]
[TimeControl "5400+30"]

1. Nf3 Nf6 2. g3 g6 3. b3 Bg7 4. Bb2 d6 5. d4 c5 6. Bg2 cxd4 7. Nxd4 d5 8. O-O O-O 9. c4 dxc4 10. bxc4 a6 11. Nc3 Nfd7 12. e3 e6 13. Ba3 Re8 14. Ne4 Nb6 15. Nd6 Bf8 16. Nxe8 Bxa3 17. Nc2 Qxe8 18. Nxa3 Qe7 19. c5 Qxc5 20. Qd8+ Kg7 21. Rac1 Qxa3 22. Qxb6 Nd7 23. Qd4+ e5 24. Qd5 Qe7 25. Rfd1 Nf6 26. Qd8 Qe6 27. Rc7 Qf5 28. e4 Qh5 29. Rdc1 Qg5 30. h4 Qh6 31. R1c2 Be6 32. Qxa8 Qh5 33. f3 Qh6 34. Qa7 g5 35. Qe3 1-0

[Event "MPL 47th National Women Chess-ch 2022"]
[Site "Odisha"]
[Date "2022.02.26"]
[Round "4.4"]
[White "Michelle Catherina, P."]
[Black "Padmini, Rout"]
[Result "1/2-1/2"]
[ECO "C84"]
[WhiteElo "2176"]
[BlackElo "2350"]
[Annotator "ChessBase"]
[PlyCount "134"]
[EventDate "2022.02.25"]
[EventCountry "IND"]
[SourceTitle "playchess.com"]
[Source "ChessBase"]
[SourceQuality "1"]
[TimeControl "5400+30"]

1. e4 e5 2. Nf3 Nc6 3. Bb5 a6 4. Ba4 Nf6 5. O-O b5 6. Bb3 Bb7 7. d3 Be7 8. a4 d6 9. Nc3 b4 10. Ne2 Bc8 11. Ng3 O-O 12. c3 Rb8 13. d4 bxc3 14. bxc3 Bg4 15. d5 Na5 16. Ba2 Nd7 17. Ba3 g6 18. h3 Bxf3 19. Qxf3 Nc5 20. Bb4 Nab3 21. Bxb3 Nxb3 22. Ra2 c5 23. dxc6 Qb6 24. Qd1 Na5 25. Bxa5 Qxa5 26. Qd5 Qb6 27. a5 Qc7 28. f4 Rb5 29. Qc4 Qa7+ 30. Kh2 Qc5 31. Qd3 Qxc6 32. f5 Bg5 33. Ne2 Rc5 34. Rb2 Rxa5 35. Qg3 Bd8 36. fxg6 hxg6 37. Qf3 d5 38. Ng3 Bh4 39. exd5 Bxg3+ 40. Qxg3 Rxd5 41. Rbf2 Kg7 42. h4 e4 43. Qg4 Qd6+ 44. Kg1 f5 45. Qg5 f4 46. Qg4 Rdf5 47. Rd1 Qe5 48. Rd7+ R8f7 49. Rfd2 e3 50. R2d6 R5f6 51. Rxf7+ Kxf7 52. Rd7+ Kg8 53. Rd8+ Kg7 54. Qc8 Rf7 55. Rh8 f3 56. Qg8+ Kf6 57. Qd8+ Kf5 58. Qg5+ Ke4 59. Qxg6+ Rf5 60. gxf3+ Kd3 61. Re8 Qb5 62. c4 Qa5 63. Qd6+ Ke2 64. Qh2+ Kd3 65. Qd6+ Ke2 66. Qh2+ Kd3 67. Qd6+ Ke2 1/2-1/2

[Event "MPL 47th National Women Chess-ch 2022"]
[Site "Odisha"]
[Date "2022.02.26"]
[Round "4.5"]
[White "Pratyusha, Bodda"]
[Black "Bala Kannamma P"]
[Result "1/2-1/2"]
[ECO "A45"]
[WhiteElo "2328"]
[BlackElo "2120"]
[Annotator "NA"]
[PlyCount "111"]
[EventDate "2022.02.25"]
[EventCountry "IND"]
[SourceTitle "playchess.com"]
[Source "ChessBase"]
[SourceQuality "1"]
[TimeControl "5400+30"]

1. d4 Nf6 2. Bf4 b6 3. e3 Bb7 4. Nd2 g6 5. h3 Bg7 6. Ngf3 d6 7. Bd3 c5 8. Qe2 O-O 9. c3 Nbd7 10. e4 cxd4 11. cxd4 e5 12. dxe5 dxe5 13. Be3 Qe7 14. O-O Nc5 15. Bxc5 Qxc5 16. Rfc1 Qe7 17. Ba6 Rad8 18. Bxb7 Qxb7 19. Rc2 Rfe8 20. Rac1 Re7 21. Rc6 Nh5 22. g3 Bh6 23. R1c2 Bxd2 24. Nxd2 Ng7 25. Qe3 Ne6 26. R6c4 Qd7 27. Kg2 b5 28. R4c3 Nd4 29. Rc1 Qe6 30. a3 Kg7 31. Rc5 a6 32. R1c3 Red7 33. Nf1 a5 34. Qe1 Qf6 35. Qe3 Qe6 36. Qg5 Re8 37. Ne3 f6 38. Qh4 h5 39. Nd5 Rh8 40. g4 g5 41. Qg3 Ne2 42. Qf3 Nxc3 43. bxc3 hxg4 44. Qxg4 Qxg4+ 45. hxg4 Rb8 46. Rc6 Rxd5 47. exd5 b4 48. cxb4 axb4 49. axb4 Rxb4 50. f3 Rd4 51. Rd6 Kf7 52. Kf2 Ke7 53. Re6+ Kf7 54. Rd6 Ke7 55. Re6+ Kf7 56. Rd6 1/2-1/2

[Event "MPL 47th National Women Chess-ch 2022"]
[Site "Odisha"]
[Date "2022.02.26"]
[Round "4.6"]
[White "Mohota, Nisha"]
[Black "Divya Deshmukh"]
[Result "0-1"]
[ECO "E05"]
[WhiteElo "2147"]
[BlackElo "2301"]
[Annotator "ChessBase"]
[PlyCount "158"]
[EventDate "2022.02.25"]
[EventCountry "IND"]
[SourceTitle "playchess.com"]
[Source "ChessBase"]
[SourceQuality "1"]
[TimeControl "5400+30"]

1. d4 d5 2. Nf3 Nf6 3. g3 e6 4. Bg2 Be7 5. O-O O-O 6. c4 dxc4 7. Ne5 Nc6 8. Bxc6 bxc6 9. Nxc6 Qe8 10. Nxe7+ Qxe7 11. Qa4 c5 12. Qxc4 cxd4 13. Qxd4 e5 14. Qh4 h6 15. Nc3 Qe6 16. Be3 Ba6 17. f3 Rfc8 18. Rfc1 Rc4 19. Ne4 Nxe4 20. Rxc4 Qxc4 21. Qxe4 Qxe4 22. fxe4 Bxe2 23. Bc5 Bd3 24. Re1 a5 25. Kf2 a4 26. Bd6 f6 27. Ke3 Bc4 28. a3 Rd8 29. Rd1 Rd7 30. Rd2 Rb7 31. Bb4 Kf7 32. Rc2 Bb3 33. Rc6 Rd7 34. Bd6 Rd8 35. Rc7+ Kg6 36. Be7 Rb8 37. Bd6 Rg8 38. h3 Ra8 39. Rc6 Kh7 40. g4 Re8 41. h4 Kg6 42. Kf3 Re6 43. h5+ Kh7 44. Rb6 Bc2 45. Rc6 Bd1+ 46. Kg3 Re8 47. Bb4 Kg8 48. Rd6 Bc2 49. Kf3 Rc8 50. Ra6 Rc4 51. Ra8+ Kh7 52. Ra7 Rc8 53. Rd7 Kg8 54. Ra7 Rd8 55. Rc7 Bd1+ 56. Kg3 Rd3+ 57. Kh4 Rd4 58. Rc8+ Kh7 59. Rc1 Be2 60. Rg1 Rxe4 61. Kh3 Kg8 62. Bc3 Kf7 63. Rg3 Bc4 64. Kg2 Bd5 65. Kh3 Re2 66. Rd3 Be6 67. Rg3 g6 68. hxg6+ Kxg6 69. Rg2 Rxg2 70. Kxg2 Bxg4 71. Kg3 h5 72. Kh4 Kf5 73. Kg3 Ke4 74. Ba5 f5 75. Bd8 f4+ 76. Kf2 Kf5 77. Be7 e4 78. Bd8 e3+ 79. Ke1 f3 0-1

[Event "MPL 47th National Women Chess-ch 2022"]
[Site "Odisha"]
[Date "2022.02.26"]
[Round "4.7"]
[White "Arpita, Mukherjee"]
[Black "Kotepalli, Sai Nirupama"]
[Result "1-0"]
[ECO "B45"]
[WhiteElo "2260"]
[BlackElo "1914"]
[Annotator "ChessBase"]
[PlyCount "113"]
[EventDate "2022.02.25"]
[EventCountry "IND"]
[SourceTitle "playchess.com"]
[Source "ChessBase"]
[SourceQuality "1"]
[TimeControl "5400+30"]

1. e4 c5 2. Nf3 e6 3. d4 cxd4 4. Nxd4 Nf6 5. Nc3 Nc6 6. Ndb5 Bb4 7. a3 Bxc3+ 8. Nxc3 d5 9. exd5 exd5 10. Bd3 d4 11. Ne2 Qd5 12. O-O O-O 13. Nf4 Qd6 14. Nh5 Nxh5 15. Qxh5 h6 16. Re1 Bd7 17. Qh4 Rfe8 18. Bf4 Rxe1+ 19. Rxe1 Qf8 20. Qg3 Kh8 21. Bd6 Qd8 22. Qf4 Qf6 23. Qxf6 gxf6 24. b4 a6 25. f4 Kg7 26. Kf2 Be6 27. Bc5 Rd8 28. Rd1 Bd5 29. Bf5 Be6 30. Be4 Bd5 31. Bxd5 Rxd5 32. c4 Rd7 33. Bb6 Kg6 34. b5 Ne7 35. Rxd4 Rxd4 36. Bxd4 Kf5 37. Kf3 h5 38. Bc5 Ng8 39. Bf8 Ke6 40. Ke4 f5+ 41. Kd4 Nf6 42. Bb4 axb5 43. cxb5 b6 44. a4 Nd5 45. Bd2 Kd6 46. g3 Nc7 47. Kc4 Nd5 48. h3 Ke6 49. a5 bxa5 50. Bxa5 Kd6 51. b6 Nf6 52. b7 Nd7 53. Kb5 Nb8 54. Kb6 Nc6 55. Bc3 Kd5 56. Be5 Nxe5 57. fxe5 1-0

[Event "MPL 47th National Women Chess-ch 2022"]
[Site "Odisha"]
[Date "2022.02.26"]
[Round "4.8"]
[White "Sharma Isha"]
[Black "Bommini Mounika Akshaya"]
[Result "1/2-1/2"]
[ECO "B06"]
[WhiteElo "2253"]
[BlackElo "2145"]
[Annotator "NA"]
[PlyCount "79"]
[EventDate "2022.02.25"]
[EventCountry "IND"]
[SourceTitle "playchess.com"]
[Source "ChessBase"]
[SourceQuality "1"]
[TimeControl "5400+30"]

1. e4 g6 2. d4 d6 3. Nc3 Bg7 4. Bg5 a6 5. f4 b5 6. Nf3 Nd7 7. Qd2 c5 8. O-O-O cxd4 9. Nxd4 Bb7 10. Be2 Ngf6 11. Bf3 Qc7 12. Rhe1 e5 13. Ndxb5 axb5 14. Nxb5 Qb6 15. Nxd6+ Kf8 16. Nxb7 Qxb7 17. Kb1 h6 18. Bh4 Kg8 19. Bxf6 Nxf6 20. fxe5 Ne8 21. Qd5 Qb8 22. Re3 Qxe5 23. Rb3 Nc7 24. Qd7 Kh7 25. Qxf7 Rhb8 26. c3 Nb5 27. Rd7 Nxc3+ 28. bxc3 Rxb3+ 29. Qxb3 Rb8 30. Rb7 Rxb7 31. Qxb7 Qxc3 32. Qb3 Qe1+ 33. Kc2 Qf2+ 34. Kd3 Qf1+ 35. Ke3 h5 36. h3 Qe1+ 37. Kd3 Qf1+ 38. Ke3 Qe1+ 39. Kd3 Qf1+ 40. Ke3 1/2-1/2

[Event "MPL 47th National Women Chess-ch 2022"]
[Site "Odisha"]
[Date "2022.02.26"]
[Round "4.9"]
[White "Smaraki, Mohanty"]
[Black "Srija, Seshadri"]
[Result "0-1"]
[ECO "A25"]
[WhiteElo "1725"]
[BlackElo "2219"]
[Annotator "ChessBase"]
[PlyCount "42"]
[EventDate "2022.02.25"]
[EventCountry "IND"]
[SourceTitle "playchess.com"]
[Source "ChessBase"]
[SourceQuality "1"]
[TimeControl "5400+30"]

1. c4 e5 2. Nc3 Nc6 3. g3 f5 4. Bg2 Nf6 5. e3 e4 6. d3 Bb4 7. Nge2 d5 8. cxd5 Qxd5 9. dxe4 Qxd1+ 10. Kxd1 O-O 11. exf5 Bxf5 12. e4 Bg6 13. f3 Rad8+ 14. Kc2 Nxe4 15. fxe4 Rf2 16. Bf1 Bxc3 17. Kxc3 Bxe4 18. Nf4 Rf3+ 19. Kc4 a6 20. Bg2 Rd4+ 21. Kc5 b6# 0-1

[Event "MPL 47th National Women Chess-ch 2022"]
[Site "Odisha"]
[Date "2022.02.26"]
[Round "4.10"]
[White "Bristy Mukherjee"]
[Black "Salonika, Saina"]
[Result "1/2-1/2"]
[ECO "D03"]
[WhiteElo "1856"]
[BlackElo "2206"]
[Annotator "NA"]
[PlyCount "52"]
[EventDate "2022.02.25"]
[EventCountry "IND"]
[SourceTitle "playchess.com"]
[Source "ChessBase"]
[SourceQuality "1"]
[TimeControl "5400+30"]

1. d4 Nf6 2. Bg5 d5 3. e3 Nbd7 4. Nf3 h6 5. Bh4 g5 6. Bg3 Ne4 7. Nc3 Nxg3 8. hxg3 e6 9. a3 Bg7 10. e4 dxe4 11. Nxe4 b6 12. c3 Bb7 13. Qc2 Qe7 14. O-O-O O-O-O 15. g4 Nf6 16. Nxf6 Qxf6 17. Qd2 Bxf3 18. gxf3 Qxf3 19. Be2 Qf4 20. Qxf4 gxf4 21. Bf3 Rd6 22. Kc2 Kb8 23. Kc1 Kc8 24. Kc2 Kb8 25. Kc1 Kc8 26. Kc2 Kb8 1/2-1/2

[Event "MPL 47th National Women Chess-ch 2022"]
[Site "Odisha"]
[Date "2022.02.26"]
[Round "4.11"]
[White "Kulkarni Bhakti"]
[Black "Chandreyee, Hajra"]
[Result "1-0"]
[ECO "B10"]
[WhiteElo "2388"]
[BlackElo "2001"]
[Annotator "ChessBase"]
[PlyCount "45"]
[EventDate "2022.02.25"]
[EventCountry "IND"]
[SourceTitle "playchess.com"]
[Source "ChessBase"]
[SourceQuality "1"]
[TimeControl "5400+30"]

1. e4 c6 2. Nf3 d5 3. d3 dxe4 4. dxe4 Qxd1+ 5. Kxd1 Bg4 6. Be2 Nd7 7. Ne1 Bxe2+ 8. Kxe2 e5 9. Nd3 Bd6 10. Be3 Ne7 11. Nd2 Bc7 12. a4 a5 13. Rhd1 Nc8 14. c4 O-O 15. c5 g6 16. g4 Ne7 17. Nc4 f5 18. Nf4 exf4 19. Rxd7 Rac8 20. Bd2 f3+ 21. Kf1 Bd8 22. Bg5 fxe4 23. Bxe7 1-0

[Event "MPL 47th National Women Chess-ch 2022"]
[Site "Odisha"]
[Date "2022.02.26"]
[Round "4.12"]
[White "Nandhidhaa, P V"]
[Black "Ghosh Samriddhaa"]
[Result "1-0"]
[ECO "B13"]
[WhiteElo "2380"]
[BlackElo "1910"]
[Annotator "ChessBase"]
[PlyCount "89"]
[EventDate "2022.02.25"]
[EventCountry "IND"]
[SourceTitle "playchess.com"]
[Source "ChessBase"]
[SourceQuality "1"]
[TimeControl "5400+30"]

1. e4 c6 2. d4 d5 3. exd5 cxd5 4. Bd3 Nc6 5. c3 Nf6 6. Bf4 Bg4 7. Qb3 Qc8 8. Nd2 e6 9. Ngf3 Be7 10. O-O Bh5 11. Ne5 Bg6 12. Nxg6 hxg6 13. h3 O-O 14. Rfe1 Rd8 15. Qd1 a6 16. a4 b6 17. Qe2 Nh5 18. Bh2 Bd6 19. Bxd6 Rxd6 20. g3 Rd8 21. Kg2 Re8 22. Nf3 Nf6 23. Ne5 Nxe5 24. dxe5 Nd7 25. h4 Nc5 26. Bc2 Qc6 27. Kh2 Kf8 28. Qg4 Ke7 29. Rad1 Ra7 30. Qg5+ Kd7 31. c4 Kc8 32. b4 Nxa4 33. cxd5 exd5 34. Bxa4 Qxa4 35. Qg4+ Kb8 36. Rxd5 Rc7 37. Qd4 Kb7 38. Ra1 Qc6 39. b5 axb5 40. Rd6 Qf3 41. Rxb6+ Kc8 42. Rxb5 Rd8 43. Rb8+ Kxb8 44. Qxd8+ Rc8 45. Rb1+ 1-0

[Event "MPL 47th National Women Chess-ch 2022"]
[Site "Odisha"]
[Date "2022.02.26"]
[Round "4.13"]
[White "Lakshmi C"]
[Black "Rakshitta Ravi"]
[Result "1-0"]
[ECO "C88"]
[WhiteElo "1968"]
[BlackElo "2278"]
[Annotator "NA"]
[PlyCount "77"]
[EventDate "2022.02.25"]
[EventCountry "IND"]
[SourceTitle "playchess.com"]
[Source "ChessBase"]
[SourceQuality "1"]
[TimeControl "5400+30"]

1. e4 e5 2. Nf3 Nc6 3. Bb5 a6 4. Ba4 Nf6 5. O-O b5 6. Bb3 Bb7 7. Re1 Be7 8. c3 d5 9. exd5 Nxd5 10. d4 exd4 11. cxd4 O-O 12. Nc3 Ncb4 13. a3 Nxc3 14. bxc3 Nd5 15. Qd3 Re8 16. Bd2 c5 17. Bc2 g6 18. Ne5 Qc8 19. f4 Bh4 20. Rf1 c4 21. Qf3 f6 22. Be4 Rd8 23. f5 fxe5 24. fxg6 Qd7 25. Qh5 Nf6 26. Qxh4 Bxe4 27. Qxf6 Bxg6 28. Qxe5 Re8 29. Qg3 Re2 30. Bf4 Rae8 31. h4 Qf5 32. Rf3 h5 33. Raf1 Qg4 34. Be5 Re4 35. Rf6 Kh7 36. Qf2 Re2 37. Rf7+ Kg8 38. Rg7+ Kh8 39. Qf8+ 1-0

[Event "MPL 47th National Women Chess-ch 2022"]
[Site "Odisha"]
[Date "2022.02.26"]
[Round "4.14"]
[White "Singh, Neha"]
[Black "Savitha Shri B"]
[Result "0-1"]
[ECO "B42"]
[WhiteElo "1833"]
[BlackElo "2257"]
[Annotator "ChessBase"]
[PlyCount "105"]
[EventDate "2022.02.25"]
[EventCountry "IND"]
[SourceTitle "playchess.com"]
[Source "ChessBase"]
[SourceQuality "1"]
[TimeControl "5400+30"]

1. e4 c5 2. Nf3 e6 3. d4 cxd4 4. Nxd4 a6 5. Bd3 Qc7 6. O-O Nc6 7. Nb3 b5 8. Nc3 Bb7 9. f4 Be7 10. Be3 d6 11. Qf3 Bf6 12. Qf2 Rc8 13. Rad1 Nge7 14. g4 O-O 15. e5 Bxe5 16. fxe5 Nxe5 17. Qg3 b4 18. Ne4 f5 19. Ng5 Nxg4 20. Nd4 Rf6 21. h3 Nxe3 22. Qxe3 Nd5 23. Qg3 Qc5 24. Kh2 Nc7 25. Qh4 Rh6 26. Qg3 Rf8 27. Ngf3 Rg6 28. Qf2 Nd5 29. Rg1 Rff6 30. Rxg6 Rxg6 31. Rg1 Nf6 32. Rxg6 hxg6 33. Qg1 e5 34. Ne6 Qc8 35. Nfg5 e4 36. Qd4 exd3 37. Qxd3 Ne4 38. Nf4 Nxg5 39. Nxg6 Qe6 40. Qxf5 Qxf5 41. Ne7+ Kf7 42. Nxf5 Ne4 43. h4 Bd5 44. Ne3 Be6 45. Kg2 Kg6 46. Kf3 Nd2+ 47. Kf4 Nc4 48. Nd1 Kh5 49. Kg3 a5 50. b3 Na3 51. Ne3 Nb1 52. Ng2 Kh6 53. Nf4 0-1

[Event "MPL 47th National Women Chess-ch 2022"]
[Site "Odisha"]
[Date "2022.03.01"]
[Round "8.7"]
[White "Deodhar, Vrushali Umesh"]
[Black "Srija, Seshadri"]
[Result "0-1"]
[ECO "A25"]
[WhiteElo "1974"]
[BlackElo "2219"]
[Annotator "RC"]
[PlyCount "60"]
[EventDate "2022.02.25"]
[EventCountry "IND"]
[SourceTitle "playchess.com"]
[Source "ChessBase"]
[SourceQuality "1"]
[TimeControl "5400+30"]

1. c4 e5 2. Nc3 Nc6 3. g3 g6 4. Bg2 Bg7 5. d3 d6 6. Rb1 a5 7. a3 Be6 8. b4 axb4 9. axb4 Qd7 10. b5 Nd8 11. h3 Ne7 12. Nd5 O-O 13. e3 Nc8 14. Ne2 c6 15. bxc6 bxc6 16. Nb4 Ne7 17. Bb2 Nb7 18. h4 d5 19. cxd5 Nxd5 20. Nxd5 Bxd5 21. O-O Bxg2 22. Kxg2 Rfd8 23. d4 exd4 24. Bxd4 c5 25. Qc2 cxd4 26. Nxd4 Bxd4 27. exd4 Qd5+ 28. Kg1 Nd6 29. Qd2 Ra2 30. Qf4 Nb5 0-1

[Event "MPL 47th National Women Chess-ch 2022"]
[Site "Odisha"]
[Date "2022.03.02"]
[Round "9.10"]
[White "Ghosh Samriddhaa"]
[Black "Sahithi Varshini M"]
[Result "0-1"]
[ECO "B92"]
[WhiteElo "1910"]
[BlackElo "2238"]
[Annotator "ChessBase"]
[PlyCount "82"]
[EventDate "2022.02.25"]
[EventCountry "IND"]
[SourceTitle "playchess.com"]
[Source "ChessBase"]
[SourceQuality "1"]
[TimeControl "5400+30"]

1. e4 c5 2. Nf3 d6 3. d4 cxd4 4. Nxd4 Nf6 5. Nc3 a6 6. Be2 e5 7. Nb3 Be7 8. O-O O-O 9. Be3 Be6 10. Qd2 Nbd7 11. a4 Rc8 12. a5 Qc7 13. Rfd1 Rfe8 14. f3 h6 15. Nc1 Bf8 16. Bf1 Red8 17. Qf2 Qc6 18. Qd2 Qc7 19. Qf2 Nc5 20. Nd5 Bxd5 21. exd5 e4 22. c4 Re8 23. Bd4 exf3 24. Qxf3 Ncd7 25. b3 Ne5 26. Qf5 Qd8 27. Be2 g6 28. Qh3 Bg7 29. Bd3 Nfg4 30. Ne2 Qg5 31. Ra2 Rc7 32. Qg3 Rce7 33. h4 Qh5 34. Nf4 Nxd3 35. Nxh5 Bxd4+ 36. Kh1 Ndf2+ 37. Rxf2 Nxf2+ 38. Kh2 Nxd1 39. Qd3 Be5+ 40. Ng3 Nf2 41. Qf3 Ne4 0-1

[Event "MPL 47th National Women Chess-ch 2022"]
[Site "Odisha"]
[Date "2022.03.02"]
[Round "9.11"]
[White "Salonika, Saina"]
[Black "Jyothsna L"]
[Result "1/2-1/2"]
[ECO "C01"]
[WhiteElo "2206"]
[BlackElo "2052"]
[Annotator "ChessBase"]
[PlyCount "41"]
[EventDate "2022.02.25"]
[EventCountry "IND"]
[SourceTitle "playchess.com"]
[Source "ChessBase"]
[SourceQuality "1"]
[TimeControl "5400+30"]

1. e4 e6 2. d4 d5 3. exd5 exd5 4. Bd3 Nc6 5. c3 Bd6 6. Ne2 Nge7 7. Qc2 Bg4 8. Nf4 Qd7 9. h3 Bxf4 10. Bxf4 Bf5 11. Na3 O-O 12. O-O-O a6 13. g4 Bg6 14. h4 Qxg4 15. Bxc7 Bxd3 16. Qxd3 Kh8 17. Kb1 Kg8 18. Kc1 Kh8 19. Kb1 Kg8 20. Kc1 Kh8 21. Kb1 1/2-1/2

[Event "MPL 47th National Women Chess-ch 2022"]
[Site "Odisha"]
[Date "2022.03.02"]
[Round "9.12"]
[White "Pandey Srishti"]
[Black "Velpula Sarayu"]
[Result "1-0"]
[ECO "E94"]
[WhiteElo "2177"]
[BlackElo "1875"]
[Annotator "ChessBase"]
[PlyCount "109"]
[EventDate "2022.02.25"]
[EventCountry "IND"]
[SourceTitle "playchess.com"]
[Source "ChessBase"]
[SourceQuality "1"]
[TimeControl "5400+30"]

1. d4 Nf6 2. c4 g6 3. Nc3 Bg7 4. e4 d6 5. Nf3 O-O 6. Be2 Nbd7 7. O-O e5 8. Be3 Qe7 9. Qc2 c6 10. d5 c5 11. Nd2 Ne8 12. g4 Ndf6 13. Qd1 Qd7 14. f3 h5 15. g5 Nh7 16. Kh1 Kh8 17. Rg1 Rg8 18. Nf1 f6 19. gxf6 Bxf6 20. Qd2 Qf7 21. a4 Be7 22. a5 Nef6 23. b4 cxb4 24. Nb5 Bd7 25. Nxa7 g5 26. Bd3 g4 27. f4 exf4 28. Bd4 Ng5 29. Qxf4 Qg7 30. Ng3 Nh3 31. Qf1 Qg5 32. Rg2 Rgf8 33. Nb5 Kg8 34. Qe1 Nf4 35. Qd2 Nh7 36. Be3 Qe5 37. Rgg1 Nxd3 38. Qxd3 Rf3 39. Nd4 Rff8 40. Ndf5 Bg5 41. Bd4 Qe8 42. Nxd6 Qg6 43. c5 Bf4 44. Nxb7 h4 45. c6 Bxc6 46. Nf5 Rxf5 47. dxc6 Rg5 48. Rgf1 Be5 49. Qc4+ Kh8 50. Bxe5+ Rxe5 51. c7 Rc8 52. Rad1 Rxe4 53. Rd8+ Re8 54. Rxe8+ Qxe8 55. Nd6 1-0

[Event "MPL 47th National Women Chess-ch 2022"]
[Site "Odisha"]
[Date "2022.03.02"]
[Round "9.13"]
[White "Smaraki, Mohanty"]
[Black "Michelle Catherina, P."]
[Result "1-0"]
[ECO "A44"]
[WhiteElo "1725"]
[BlackElo "2176"]
[Annotator "NA"]
[PlyCount "79"]
[EventDate "2022.02.25"]
[EventCountry "IND"]
[SourceTitle "playchess.com"]
[Source "ChessBase"]
[SourceQuality "1"]
[TimeControl "5400+30"]

1. d4 c5 2. d5 e5 3. c4 d6 4. e4 g6 5. Nc3 Bg7 6. h4 Nf6 7. g3 Na6 8. Bg2 Nc7 9. Nge2 a6 10. a4 b6 11. f3 Rb8 12. Kf2 h5 13. Bg5 b5 14. b3 bxc4 (14... b4 $11 15. Nb1 O-O) 15. bxc4 Bd7 16. Qd3 O-O 17. Rhb1 Rb4 18. a5 Na8 19. Bd2 Nh7 20. Rxb4 cxb4 21. Nd1 f5 22. Bxb4 fxe4 23. Qxe4 Bf5 24. Qe3 $16 e4 25. Bc3 exf3 26. Bxf3 Bg4 27. Nf4 Bxf3 28. Kxf3 g5 29. hxg5 Qxg5 30. Bxg7 Qxg7 31. Rb1 Nc7 32. Kg2 h4 33. Rb7 Ng5 34. Nf2 Qf7 35. gxh4 Nh7 36. Qg3+ Kh8 37. Ng6+ Kg8 38. Nxf8+ Kxf8 39. Qf3 Nf6 40. Rxc7 1-0

[Event "MPL 47th National Women Chess-ch 2022"]
[Site "Odisha"]
[Date "2022.03.02"]
[Round "9.14"]
[White "Kiran, Manisha Mohanty"]
[Black "Bristy Mukherjee"]
[Result "0-1"]
[ECO "B27"]
[WhiteElo "2168"]
[BlackElo "1856"]
[Annotator "ChessBase"]
[PlyCount "88"]
[EventDate "2022.02.25"]
[EventCountry "IND"]
[SourceTitle "playchess.com"]
[Source "ChessBase"]
[SourceQuality "1"]
[TimeControl "5400+30"]

1. e4 g6 2. d4 Bg7 3. Nc3 c5 4. Be3 Qa5 5. Nf3 Nf6 6. Qd2 cxd4 7. Nxd4 Nc6 8. Be2 Nxe4 9. Nxc6 Qxc3 10. bxc3 Nxd2 11. Nxe7 Nc4 12. Bxc4 Bxc3+ 13. Ke2 Kxe7 14. Rab1 b6 15. Kd3 Ba5 16. Bg5+ f6 17. Rhe1+ Bxe1 18. Rxe1+ Kd6 19. Bxf6 Bb7 20. Be5+ Kc5 21. Bd4+ Kd6 22. Bxh8 Rxh8 23. f3 Bc6 24. Kc3 a5 25. a3 Rc8 26. Kb3 b5 27. Bd3 Bd5+ 28. Kb2 Rb8 29. h4 b4 30. a4 Rg8 31. Re2 Rc8 32. Ba6 Rf8 33. Rd2 Kc5 34. Bb5 Rf4 35. h5 gxh5 36. Bxd7 Rd4 37. Kc1 Rxd2 38. Kxd2 Kd4 39. Bb5 h6 40. Bd7 h4 41. Be8 h3 42. gxh3 Bxf3 43. h4 Be4 44. Bd7 Kc5 0-1